 Dungeon Crawl Stone Soup version 0.16-a0-702-gf4f471d (webtiles) character file.

82 PolkaDot the Insei (level 4, 0/38 HPs)
             Began as a Draconian Transmuter on Sept 20, 2014.
             Slain by PolkaDot's ghost (11 damage)
             ... on Level 3 of the Dungeon.
             The game lasted 00:06:31 (2706 turns).

PolkaDot the Insei (Draconian Transmuter)           Turns: 2706, Time: 00:06:32

HP   0/38        AC  2     Str 12      XL: 4   Next: 21%
MP   0/7         EV 19     Int 18      God:
Gold 124         SH  0     Dex 18      Spells:  2 memorised,  3 levels left

rFire  + . .     SeeInvis .       - Unarmed
rCold  + . .     Clarity  .     (armour unavailable)
rNeg   . . .     rCorr    +     (shield currently unavailable)
rPois  .         rRot     .     (helmet currently unavailable)
rElec  +         Spirit   .     (cloak currently unavailable)
SustAb .         Warding  .     (gloves currently unavailable)
rMut   .         Stasis   .     (boots currently unavailable)
Gourm  .                        (no amulet)
MR     .....                    (no ring)
                                (no ring)

@: brilliant, spider-form, resistant, not resistant to hostile enchantments,
unstealthy
A: unfitting armour, (stinger 0), deterioration 1, (cold-blooded), forlorn, AC
+5
a: End Transformation


You were on level 3 of the Dungeon.
You were hungry.
You were in spider-form.
You visited 1 branch of the dungeon, and saw 3 of its levels.

You collected 124 gold pieces.

Inventory:

Missiles
 b - 45 arrows
Comestibles
 a - 4 bread rations
 i - a rotting chunk of hobgoblin flesh
 j - 3 fruits
Scrolls
 e - 2 scrolls of teleportation {unknown}
 k - a scroll of blinking {unknown}
 m - 5 scrolls of identify {unknown}
 o - 2 scrolls of fog {unknown}
Books
 d - a book of Changes

   Spells                             Type                      Level
   *Beastly Appendage                 Transmutation                1
   Sticks to Snakes                   Transmutation                2
   *Spider Form                       Transmutation/Poison         3
   Ice Form                           Ice/Transmutation            4
   Blade Hands                        Transmutation                5
 h - a Grand Grimoire {highlevel, unknown}

   This book is beyond your current level of understanding.

   Spells                             Type                      Level
   Aura of Abjuration                 Summoning                    6
   Forceful Dismissal                 Summoning                    6
   Summon Greater Demon               Summoning                    7
   Malign Gateway                     Summoning/Translocation      7
   Summon Horrible Things             Summoning                    8


   Skills:
 - Level 3.2 Fighting
 - Level 1.7 Dodging
 + Level 4.0 Unarmed Combat
 - Level 2.0 Spellcasting
 * Level 2.1 Transmutations


You had 3 spell levels left.
You knew the following spells:

 Your Spells              Type           Power        Failure   Level  Hunger
a - Beastly Appendage     Trmt           ###...       3%          1    #......
z - Spider Form           Trmt/Pois      ###.......   8%          3    ####...


Dungeon Overview and Level Annotations

Branches:
Dungeon (3/15)

Altars:
Ashenzari
Qazlal
Vehumet
Xom

Annotations:
D:3 PolkaDot's ghost, average DrTm


Innate Abilities, Weirdness & Mutations

((Your plain brown scales are hard (AC +5).))
Your body does not fit into most forms of armour.
((Your cold-blooded metabolism reacts poorly to cold.))
((Your tail ends in a poisonous barb.))
Your body is slowly deteriorating.
You have difficulty communicating with the divine.


Message History

Unknown command.
PolkaDot's ghost closely misses you.
Drink which item? (? for menu, Esc to quit)
You feel clever all of a sudden. PolkaDot's ghost closely misses you.
Casting: Beastly Appendage
Confirm with . or Enter, or press ? or * to list all spells.
You turn into a venomous arachnid creature.
* * * LOW MAGIC WARNING * * *
PolkaDot's ghost completely misses you.
You hit PolkaDot's ghost.
PolkaDot's ghost is moderately damaged.
You barely miss PolkaDot's ghost.
PolkaDot's ghost is moderately damaged.
PolkaDot's ghost hits you!
* * * LOW HITPOINT WARNING * * *
You bite PolkaDot's ghost!
PolkaDot's ghost is heavily damaged.
PolkaDot's ghost hits you!
You die...

#.##.####..........
####.......#..........
#<.........#.##.#.....
#.................#.##
#............##.###...
###...........###.##.#
....................##
##...............##
#.#s#####.#....#
.#W#####.#.##.##
#.......#.###.##
#..######.# ##.#
#..######.# ##...
#.........######.#
##.####........... #
#.# #.#.########
#.####.####.#.........


You could see PolkaDot's ghost.

Vanquished Creatures
  3 adders (D:2)
  5 giant geckos
  An ooze (D:2)
  An orc (D:2)
  2 giant cockroaches
  8 hobgoblins
  4 jackals (D:1)
  2 ball pythons (D:1)
  6 bats (D:1)
  2 giant newts
  6 goblins
  4 kobolds
  4 rats
48 creatures vanquished.

Notes
Turn   | Place    | Note
--------------------------------------------------------------
     0 | D:1      | PolkaDot, the Draconian Transmuter, began the quest for the Orb.
     0 | D:1      | Reached XP level 1. HP: 16/16 MP: 3/3
   258 | D:1      | Reached XP level 2. HP: 22/24 MP: 4/4
   998 | D:2      | Reached XP level 3. HP: 22/30 MP: 4/6
  1155 | D:2      | Found a shimmering altar of Xom.
  1157 | D:2      | Found a stormy altar of Qazlal.
  1209 | D:2      | Found a radiant altar of Vehumet.
  1263 | D:3      | Noticed PolkaDot's ghost (average DrTm)
  1746 | D:2      | Reached skill level 4 in Unarmed Combat
  1746 | D:2      | Reached XP level 4. HP: 34/38 MP: 7/7
  1959 | D:2      | Learned a level 3 spell: Spider Form
  2198 | D:2      | Found a shattered altar of Ashenzari.
  2670 | D:3      | Gained mutation: You have difficulty communicating with the divine. [potion of mutation]
  2670 | D:3      | Gained mutation: Your body is slowly deteriorating. [potion of mutation]
  2670 | D:3      | Gained mutation: Your tail ends in a poisonous barb. [potion of mutation]
  2706 | D:3      | Slain by PolkaDot's ghost

Action                   |  1- 3 |  4- 6 || total
-------------------------+-------+-------++-------
Melee: Unarmed           |   122 |    51 ||   173
 Cast: Beastly Appendage |     9 |     3 ||    12
       Spider Form       |       |     2 ||     2
  Use: Potion            |     2 |     3 ||     5
 Stab: Sleeping          |       |     1 ||     1
  Eat: Chunk             |     2 |     4 ||     6
